 Dungeon Crawl Stone Soup version 0.21.1-1-g345015f (webtiles) character file.

12504 Falco the Cleaver (level 11, -4/103 HPs)
             Began as a Deep Dwarf Fighter on May 10, 2018.
             Was an Initiate of Trog.
             Slain by a 12-headed hydra (10 damage)
             ... on level 9 of the Dungeon.
             The game lasted 00:55:45 (7420 turns).

Falco the Cleaver (Deep Dwarf Fighter)              Turns: 7420, Time: 00:55:47

Health: -4/103     AC: 21    Str: 20    XL:     11   Next: 63%
Magic:  2/2        EV: 12    Int: 10    God:    Trog [......]
Gold:   386        SH: 13    Dex: 19    Spells: 10/10 levels left

rFire    . . .     SeeInvis .   a - +6 war axe
rCold    . . .     Gourm    .   c - +1 shield
rNeg     . . .     Faith    .   F - +0 plate armour
rPois    +         Spirit   .   L - +2 helmet
rElec    .         Reflect  .   I - +0 cloak
rCorr    .         Harm     .   o - +1 pair of gloves
MR       ++...                  (no boots)
Stlth    ..........             (no amulet)
HPRegen  0.00/turn              x - ring of protection from magic
MPRegen  0.08/turn              d - ring of poison resistance

@: agile, non-regenerating
A: damage resistance, heal wounds, sense surroundings 2, no regeneration
a: Heal Wounds, Burn Spellbooks, Renounce Religion


You were on level 9 of the Dungeon.
You worshipped Trog.
Trog was noncommittal.
You were not hungry.

You visited 2 branches of the dungeon, and saw 10 of its levels.
You also visited: Sewer.

You collected 386 gold pieces.

Inventory:

Hand Weapons
 a - a +6 war axe (weapon)
 j - a +0 blowgun
 D - a +0 battleaxe
 E - a +0 whip of holy wrath
Missiles
 k - 82 bolts
 t - a curare-tipped needle
 v - 109 sling bullets
 w - 19 poisoned needles
Armour
 b - a +2 scale mail
 c - a +1 shield (worn)
 l - a +0 ring mail
 n - a +2 robe of magic resistance
 o - a +1 pair of gloves (worn)
 y - a +0 pair of gloves
 C - a +0 helmet
 F - a +0 plate armour (worn)
 I - a +0 cloak (worn)
 L - a +2 helmet (worn)
Jewellery
 d - a ring of poison resistance (right hand)
 x - a ring of protection from magic (left hand)
Wands
 K - a wand of enslavement (6)
 N - a wand of polymorph (14)
Scrolls
 e - 7 scrolls of remove curse
 i - 2 scrolls of magic mapping {unknown}
 m - a scroll of fear {unknown}
 r - a scroll of blinking {unknown}
 s - 2 scrolls of fog
 G - 3 scrolls of teleportation {unknown}
 H - 2 scrolls of amnesia {unknown}
 J - a scroll of noise {unknown}
Potions
 g - a potion of berserk rage {unknown}
 h - a potion of lignification {unknown}
 p - a potion of invisibility {unknown}
 q - a potion of agility
 u - 10 potions of curing
 z - 4 potions of brilliance
 A - 4 potions of might
 B - a potion of flight {unknown}
Comestibles
 f - 9 rations


   Skills:
 + Level 7.8 Fighting
 + Level 13.5 Axes
 + Level 8.8 Armour
 + Level 3.3 Dodging
 + Level 1.0 Stealth
 + Level 9.3 Shields


You had 10 spell levels left.
You didn't know any spells.

Dungeon Overview and Level Annotations

Branches:
Dungeon (9/15)             Temple (1/1) D:6            Lair (0/6) D:8
    Orc: D:9-12

Altars:
Ashenzari
Cheibriados
Dithmenos
Elyvilon
Fedhas
Gozag
Hepliaklqana
Kikubaaqudgha
Makhleb
Nemelex Xobeh
Okawaru
Qazlal
Ru
Sif Muna
Trog
Uskayaw
Vehumet
Wu Jian
Xom
Yredelemnul
Zin
The Shining One

Shops:
D:7 }


Innate Abilities, Weirdness & Mutations

You are resistant to damage.
You can heal yourself by infusing magical energy.
You passively map the area around you.
You do not regenerate.


Message History

You block the 12-headed hydra's attack. The 12-headed hydra bites you!
* * * LOW HITPOINT WARNING * * *
You block the 12-headed hydra's attack.
The 12-headed hydra bites you but does no damage.
You block the 12-headed hydra's attack.
The phantom hits you but does no damage.
Okay, then.
You feel agile all of a sudden. The 12-headed hydra closely misses you.
The 12-headed hydra bites you but does no damage.
The 12-headed hydra bites you.
* * * LOW HITPOINT WARNING * * *
The 12-headed hydra barely misses you. The 12-headed hydra bites you!
* * * LOW HITPOINT WARNING * * *
The 12-headed hydra bites you.
The 12-headed hydra bites you but does no damage. x2
You block the 12-headed hydra's attack. The 12-headed hydra bites you!
* * * LOW HITPOINT WARNING * * *
You block the 12-headed hydra's attack. The 12-headed hydra bites you!
You die...

, ,* ** ## #'#####'## , ,
*, * ## .###...#..... * ,
,* # . #.#..#..#..... , ,
+..#..+##.##'..#.. , ,
#.#.. #..#..#..... , ,,
#...#*#.[.###.....
###+#####'#####'#####+##
,
........D.()............
, ,
......Z@Wa).............
, ,
,.##+#######........)....
, , #............. , ,
#............. , ,,,
+............. * , , ,,
,#............. ,
#....(....#### , ,* * *
*#.(###+#### , , ,, ,, ,
,


You could see a 12-headed hydra, a phantom, a worker ant and a bullfrog
skeleton.

Vanquished Creatures
  Erolcha (D:9)
  4 two-headed ogres
  Erica (D:8)
  A centaur warrior (D:9)
  3 death yaks (D:8)
  Pikel (D:7)
  A deep elf mage (D:7)
  An ugly thing (D:9)
  Maurice (D:8)
  Psyche (D:8)
  Grinder (D:4)
  A hippogriff (D:7)
  Sigmund (D:3)
  A wyvern (D:9)
  The ghost of Fang the Skirmisher, an amateur GrBe of Trog (D:3)
  Edmund (D:4)
  A porcupine (D:8)
  Duvessa (D:4)
  2 ice beasts
  A slave (D:7)
  2 sky beasts (D:5)
  2 necrophages
  5 ogres
  4 centaurs
  5 big kobolds
  Blork the orc (D:6)
  4 bullfrogs
  Dowan (D:4)
  5 killer bees (D:8)
  2 howler monkeys (D:4)
  2 crimson imps (D:6)
  A quasit (D:7)
  A jelly (D:7)
  2 hounds
  2 orc priests
  4 orc wizards
  Natasha (thrice) (D:3)
  7 worker ants
  A worker ant zombie (D:5)
  3 gnolls (D:5)
  10 adders
  3 river rats (D:8)
  2 shadow imps
  An adder skeleton (D:6)
  2 worms
  2 dart slugs
  6 leopard geckos
  20 orcs
  2 ball pythons
  7 bats
  9 giant cockroaches
  7 hobgoblins
  3 jackals
  7 quokkas
  9 frilled lizards
  6 goblins
  A jackal zombie (D:5)
  22 kobolds
  16 rats
  A spectral orc (D:4)
219 creatures vanquished.

Notes
Turn   | Place    | Note
-------+----------+-------------------------------------------
     0 | D:1      | Falco the Deep Dwarf Fighter began the quest for the Orb.
     0 | D:1      | Reached XP level 1. HP: 20/20 MP: 1/1
     2 | D:1      | Noticed an elf
     2 | D:1      | Noticed a demonspawn
     4 | D:1      | Noticed a merfolk
     4 | D:1      | Noticed a ghoul
     6 | D:1      | Noticed a troll
     6 | D:1      | Noticed a formicid
     8 | D:1      | Noticed a naga
    10 | D:1      | Noticed a demigod
    10 | D:1      | Noticed a vampire
    12 | D:1      | Noticed a gargoyle
    15 | D:1      | Noticed an octopode
    15 | D:1      | Noticed a draconian
    17 | D:1      | Noticed a vine stalker
    17 | D:1      | Noticed a human
    19 | D:1      | Noticed a halfling
    19 | D:1      | Noticed a spriggan
    21 | D:1      | Noticed a centaur
    21 | D:1      | Noticed a minotaur
    23 | D:1      | Noticed a dwarf
    23 | D:1      | Noticed a tengu
    25 | D:1      | Noticed an ogre
    27 | D:1      | Noticed a felid
   151 | D:1      | Reached XP level 2. HP: 22/28 MP: 2/2
   851 | D:2      | Reached XP level 3. HP: 19/34 MP: 3/3
  1478 | D:3      | Reached XP level 4. HP: 38/42 MP: 4/4
  1483 | D:3      | Found a shattered altar of Ashenzari.
  1560 | D:3      | Noticed Natasha
  1565 | D:3      | Killed Natasha
  1565 | D:3      | Reached skill level 3 in Axes
  1603 | D:3      | Noticed Natasha
  1617 | D:3      | Killed Natasha
  1753 | D:3      | Noticed Sigmund
  1765 | D:3      | Reached XP level 5. HP: 29/49 MP: 5/5
  1794 | D:3      | Killed Sigmund
  1794 | D:3      | Reached skill level 4 in Axes
  1794 | D:3      | Reached skill level 1 in Dodging
  1794 | D:3      | Reached XP level 6. HP: 31/57 MP: 6/6
  1809 | D:3      | Noticed Fang's ghost (amateur GrBe)
  1818 | D:3      | Killed Fang's ghost
  1818 | D:3      | Reached skill level 5 in Axes
  1938 | D:3      | Noticed Natasha
  1949 | D:3      | Killed Natasha
  2241 | D:4      | Reached XP level 7. HP: 63/64 MP: 7/7
  2296 | D:4      | Found a hazy altar of Hepliaklqana.
  2328 | D:4      | Found a glowing drain.
  2335 | D:4      | Reached skill level 5 in Armour
  2342 | Sewer    | Entered a sewer
  2525 | Sewer    | Reached skill level 6 in Axes
  2532 | Sewer    | Reached skill level 5 in Shields
  2892 | D:4      | Noticed Duvessa
  2896 | D:4      | Noticed Edmund
  2897 | D:4      | Noticed Dowan
  2921 | D:4      | Killed Edmund
  2921 | D:4      | Reached XP level 8. HP: 61/73 MP: 7/7
  2934 | D:4      | Killed Duvessa
  2934 | D:4      | Reached skill level 7 in Axes
  2967 | D:4      | Killed Dowan
  3172 | D:4      | Noticed Grinder
  3184 | D:4      | Killed Grinder
  3721 | D:4      | Found a basalt altar of Yredelemnul.
  3753 | D:5      | Entered Level 5 of the Dungeon
  3816 | D:5      | Reached skill level 8 in Axes
  3871 | D:5      | Reached skill level 5 in Fighting
  4192 | D:5      | Gained mutation: You passively map the area around you. [Deep Dwarf growth]
  4192 | D:5      | Reached XP level 9. HP: 53/81 MP: 5/5
  4695 | D:6      | Reached skill level 9 in Axes
  4706 | D:6      | Found a staircase to the Ecumenical Temple.
  4715 | Temple   | Entered the Ecumenical Temple
  5087 | D:6      | Noticed Blork the orc
  5100 | D:6      | Killed Blork the orc
  5317 | D:6      | Noticed a two-headed ogre
  5328 | D:6      | Killed a two-headed ogre
  5328 | D:6      | Reached skill level 10 in Axes
  5744 | D:7      | Noticed Pikel
  5763 | D:7      | Killed Pikel
  5763 | D:7      | Reached XP level 10. HP: 35/92 MP: 6/6
  5869 | D:7      | Found an ornate altar of the Wu Jian Council.
  5920 | D:7      | Reached skill level 11 in Axes
  5960 | D:7      | Found Fytug's Gadget Shop.
  5960 | D:7      | Noticed a deep elf mage
  5980 | D:7      | Killed a deep elf mage
  6295 | D:8      | Noticed a death yak
  6323 | D:8      | Noticed a death yak
  6326 | D:8      | Noticed a death yak
  6333 | D:8      | Killed a death yak
  6333 | D:8      | Reached skill level 1 in Stealth
  6352 | D:8      | Killed a death yak
  6352 | D:8      | Reached skill level 12 in Axes
  6378 | D:8      | Killed a death yak
  6418 | D:8      | Found a staircase to the Lair.
  6418 | D:8      | Noticed Psyche
  6439 | D:8      | Killed Psyche
  6448 | D:8      | Noticed Maurice
  6571 | D:8      | Noticed a two-headed ogre
  6583 | D:8      | Killed a two-headed ogre
  6583 | D:8      | Reached XP level 11. HP: 63/100 MP: 4/4
  6603 | D:8      | Noticed Erica
  6618 | D:8      | Killed Erica
  6822 | D:8      | Killed Maurice
  6857 | D:8      | Noticed a two-headed ogre
  6868 | D:8      | Killed a two-headed ogre
  6868 | D:8      | Reached skill level 13 in Axes
  7147 | D:8      | Found a bloodstained altar of Trog.
  7153 | D:8      | Became a worshipper of Trog the Wrathful
  7163 | D:8      | Found a burning altar of Makhleb.
  7163 | D:8      | Noticed a two-headed ogre
  7175 | D:8      | Killed a two-headed ogre
  7180 | D:8      | Found a stormy altar of Qazlal.
  7183 | D:8      | Found a snail-covered altar of Cheibriados.
  7350 | D:9      | Noticed Erolcha
  7361 | D:9      | Noticed a centaur warrior
  7361 | D:9      | Noticed a brown ugly thing
  7388 | D:9      | Killed a brown ugly thing
  7389 | D:9      | Killed a centaur warrior
  7398 | D:9      | Killed Erolcha
  7402 | D:9      | Noticed an eight-headed hydra
  7414 | D:9      | HP: 2/103 [12-headed hydra (6)]
  7420 | D:9      | Slain by a 12-headed hydra

Skill      XL: |  1  2  3  4  5  6  7  8  9 10 11 |
---------------+----------------------------------+-----
Fighting       | 3 4 5 6 7 |  7.8
Axes           | 3 4 5 6 8 10 12 13 | 13.5
Armour         | 4 5 6 7 8 |  8.8
Dodging        | 1 2 3 |  3.3
Shields        | 4 5 6 7 8 9 |  9.3
Stealth        | 1 |  1.0

Action                   |  1- 3 |  4- 6 |  7- 9 | 10-12 || total
-------------------------+-------+-------+-------+-------++-------
Melee: War axe           |   143 |   141 |   441 |   282 ||  1007
Invok: Burn Spellbooks   |       |       |       |     2 ||     2
 Abil: Heal Wounds       |     1 |     6 |    10 |    21 ||    38
  Use: Scroll            |     4 |       |    11 |     9 ||    24
       Potion            |       |     1 |       |     1 ||     2
  Eat: Ration            |     1 |     1 |     3 |     2 ||     7
Armor: Scale mail        |    68 |    48 |    53 |       ||   169
       Plate armour      |       |       |   147 |   194 ||   341
Dodge: Dodged            |    45 |    37 |   114 |    68 ||   264
Block: Shield            |    78 |    65 |   253 |   171 ||   567
